 Dungeon Crawl Stone Soup version 0.18-a0-1225-g5d63bca (webtiles) character file.

62 Duffy the Shield-Bearer (level 3, -6/31 HPs)
             Began as a Draconian Fighter on Feb 3, 2016.
             Mangled by Crazy Yiuf
             ... wielding a +3 quarterstaff of chaos
              (10 damage)
             ... on level 2 of the Dungeon.
             The game lasted 00:01:37 (1916 turns).

Duffy the Shield-Bearer (Draconian Fighter)         Turns: 1916, Time: 00:01:37

Health: -6/31      AC:  5    Str: 18    XL:     3   Next: 85%
Magic:  3/3        EV: 10    Int:  8    God:
Gold:   71         SH:  9    Dex: 11    Spells: 0 memorised, 2 levels left

rFire  . . .     SeeInvis .     a - +0 flail
rCold  . . .     Gourm    .     (armour unavailable)
rNeg   . . .     Faith    .     b - +0 shield
rPois  .         Spirit   .     (helmet restricted)
rElec  .         Dismiss  .     (no cloak)
rCorr  .         Reflect  .     (no gloves)
SustAt .         Harm     .     (no boots)
MR     .....                    (no amulet)
Stlth  +.........               (no ring)
                                (no ring)

@: lethally poisoned (-6 -> -11), not resistant to hostile enchantments, very
unstealthy
A: unfitting armour, cold-blooded, AC +5
a: no special abilities


You were on level 2 of the Dungeon.
You were not hungry.

You visited 1 branch of the dungeon, and saw 2 of its levels.

You collected 71 gold pieces.


Innate Abilities, Weirdness & Mutations

Your plain brown scales are hard (AC +5).
Your body does not fit into most forms of armour.
You are cold-blooded and may be slowed by cold attacks.


   Skills:
 - Level 3.2 Fighting
 + Level 3.4 Maces & Flails
 - Level 2.6 Dodging
 + Level 3.8 Shields


You had 2 spell levels left.
You didn't know any spells.

Inventory:

Hand Weapons
 a - a +0 flail (weapon)
 g - a +0 dagger of electrocution
Missiles
 j - 9 poisoned needles
Armour
 b - a +0 shield (worn)
Wands
 m - a wand of teleportation (0/9)
Scrolls
 e - 3 scrolls of identify {unknown}
 f - a scroll of random uselessness {unknown}
 h - a scroll of enchant armour {unknown}
 i - a scroll of remove curse {unknown}
Potions
 c - a potion of might
 l - a potion of curing {unknown}
Comestibles
 d - a bread ration
 k - 2 fruits
 n - a slice of pizza

Dungeon Overview and Level Annotations

Branches:
Dungeon (2/15)

Altars:
Qazlal

Annotations:
D:2 Crazy Yiuf


Message History

Crazy Yiuf says, "Trifle high meccalolo!"
You hit Crazy Yiuf. You tail-slap Crazy Yiuf.
Crazy Yiuf is heavily wounded.
Crazy Yiuf barely misses you.
You closely miss Crazy Yiuf.
Your tail-slap misses Crazy Yiuf.
Crazy Yiuf is heavily wounded.
Crazy Yiuf screams, "Defame senile mobile!"
Crazy Yiuf zaps a wand.
The puff of flame hits you! You block Crazy Yiuf's attack.
You hit Crazy Yiuf.
Crazy Yiuf is severely wounded.
Crazy Yiuf zaps a wand.
The puff of flame hits you!
You hit Crazy Yiuf.
Crazy Yiuf is severely wounded.
Crazy Yiuf hits you with a quarterstaff of chaos!
Crazy Yiuf freezes you.
You feel yourself slow down.
You are too injured to fight recklessly!
You are too injured to fight recklessly!
You are too injured to fight recklessly!
You are too injured to fight recklessly!
You are too injured to fight recklessly!
You are too injured to fight recklessly!
You are too injured to fight recklessly!
Crazy Yiuf is nearby!
You closely miss Crazy Yiuf.
Crazy Yiuf is severely wounded.
You block Crazy Yiuf's attack. Crazy Yiuf hits you but does no damage.
You are lethally poisoned!
You hit Crazy Yiuf.
Crazy Yiuf is almost dead.
You feel yourself speed up.
You feel sick. Crazy Yiuf barely misses you.
Crazy Yiuf says, "Lugonu!"
Crazy Yiuf hits you with a quarterstaff of chaos!
You die...

#.#######.# #>.....# #
#......# # #......# #
#......# #......#
#.#######!#
#...(%....# #######
#####@##...........##7
#g##.##..........7
#.##.# .#####%...P
#.##.# # ##.....P
#.##.# #....g). #.##.#
#....##7 .....# #.#..#
..# #.##.# #.##.# #


You could see Crazy Yiuf.

Action                   || total
-------------------------++-------
Melee: Flail             ||   150
Evoke: Wand              ||     1
 Stab: Sleeping          ||     2
  Eat: Chunk             ||     3

Notes
Turn   | Place    | Note
--------------------------------------------------------------
     0 | D:1      | Duffy the Draconian Fighter began the quest for the Orb.
     0 | D:1      | Reached XP level 1. HP: 19/19 MP: 1/1
   265 | D:1      | Reached XP level 2. HP: 26/26 MP: 2/2
   555 | D:1      | Reached skill level 3 in Maces & Flails
   829 | D:1      | Reached XP level 3. HP: 31/31 MP: 3/3
  1424 | D:2      | Noticed Crazy Yiuf
  1739 | D:2      | Found a stormy altar of Qazlal.
  1916 | D:2      | Mangled by Crazy Yiuf

Vault maps used:
D:1:      lightli_arrival_statuegarden
D:2:      lemuel_round_altar, first_bread, minmay_rat_gold_closets,
          uniq_crazy_yiuf_cottage

Vanquished Creatures
  An adder
  2 oozes
  2 giant geckos
  4 bats
  A giant cockroach
  7 goblins
  3 hobgoblins
  3 jackals
  2 giant newts
  5 kobolds
  14 rats
  A fungus
45 creatures vanquished.
